Map: Deathaura LE

Players

Ragnarok (SHIN) - Winner!

  • Race: Zerg Zerg
  • League: Diamond
  • Spawn Location: 11:00

souL

  • Race: Terran Terran
  • Spawn Location: 5:00

Event: War Chest Team League

VOD

Have the link to the VOD?

Description

Time

  • Played on: Aug. 14, 2020, 8:38 a.m.
  • Length: 19:49
Show
View Real Time Build Order
Export as new Build Order

Ragnarok Zerg - Winner!

Build Orders: Hatch First, Muta Ling Bane 

Get SALT Encoding   

  12  0:00  Drone  
  13  0:13  Overlord  
  13  0:17  Drone  
  14  0:32  Drone x2  
  16  0:47  Hatchery  
  15  0:52  Drone  
  15  0:56  Drone  
  17  0:58  Drone  
  18  1:10  Extractor  
  17  1:14  Spawning Pool  
  17  1:16  Drone  
  17  1:19  Drone  
  18  1:29  Drone  
  19  1:53  Drone  
  20  2:00  Queen x2  
  24  2:01  Zergling x6  
  27  2:13  Overlord  
  27  2:15  Metabolic Boost  
  27  2:16  Drone  
  28  2:31  Drone  
  28  2:32  Drone x2  
  28  2:35  Overlord  
  28  2:36  Queen  
  31  2:41  Queen  
  35  2:45  Drone  
  35  2:49  Overlord  
  36  2:54  Drone  
  36  2:55  Drone  
  38  3:05  Drone x2  
  39  3:10  Drone  
  39  3:12  Drone x3  
  44  3:13  Drone x2  
  44  3:17  Drone  
  47  3:27  Hatchery  
  47  3:30  Drone  
  47  3:35  Roach Warren  
  47  3:37  Extractor  
  47  3:38  Drone  
  47  3:39  Drone  
  47  3:41  Drone  
  47  3:42  Drone  
  47  3:45  Overlord  
  49  3:49  Overlord  
  49  3:52  Overlord  
  49  4:07  Drone x2  
  51  4:15  Roach x5  
  61  4:20  Roach x3  
  67  4:25  Spore Crawler  
  67  4:26  Spore Crawler, Queen  
  67  4:31  Zergling x6  
  67  4:32  Zergling x2  
  71  4:41  Zergling x8  
  75  4:55  Zergling x10  
  81  5:02  Overlord  
  81  5:03  Overlord  
  81  5:06  Ravager  
  82  5:07  Ravager  
  81  5:21  Ravager x3  
  81  5:22  Ravager, Drone x2  
  81  5:23  Drone x4  
  81  5:24  Drone  
  81  5:27  Drone x2  
  90  5:34  Drone x4  
  94  5:38  Drone x3  
  94  5:40  Drone  
  94  5:41  Drone  
  97  5:45  Overlord  
  97  5:49  Lair  
  97  5:53  Spore Crawler  
  97  5:54  Overlord, Drone  
  97  5:57  Overlord  
  97  6:01  Drone x2, Extractor x2  
  97  6:03  Evolution Chamber, Drone x2  
  98  6:04  Ravager  
  98  6:05  Drone x2  
  98  6:06  Evolution Chamber, Drone x2  
  98  6:09  Drone x3  
  105  6:13  Drone  
  105  6:16  Drone x2  
  105  6:25  Drone  
  106  6:32  Drone x3, Extractor  
  108  6:33  Zerg Melee Weapons Level 1, Zerg Ground Armor Level 1, Extractor  
  108  6:35  Drone  
  108  6:37  Zergling x12  
  108  6:38  Hatchery, Baneling Nest  
  112  6:45  Zergling x8  
  116  6:54  Spire  
  116  6:59  Drone x2  
  117  7:04  Hatchery  
  116  7:08  Overlord  
  116  7:09  Overlord  
  116  7:10  Overlord  
  116  7:13  Pneumatized Carapace  
  117  7:15  Zergling x10  
  117  7:18  Overlord  
  117  7:22  Centrifical Hooks  
  121  7:27  Zergling x18  
  127  7:45  Zergling x6  
  128  7:52  Drone x7  
  133  8:07  Mutalisk x9  
  149  8:15  Drone x2  
  149  8:18  Drone x3  
  149  8:19  Zerg Flyer Weapons Level 1  
  153  8:24  Mutalisk x2  
  156  8:27  Drone x2  
  156  8:30  Drone  
  156  8:31  Drone x3  
  156  8:32  Drone  
  160  8:35  Overlord  
  160  8:36  Drone x5  
  160  8:40  Overlord  
  165  8:44  Overlord x3  
  165  8:50  Overlord  
  165  8:51  Zerg Melee Weapons Level 2  
  165  8:53  Zerg Ground Armor Level 2  
  165  8:54  Hatchery  
  164  8:55  Drone  
  164  8:56  Drone  
  164  9:00  Mutalisk x2  
  171  9:02  Zergling x2  
  171  9:03  Zergling x6  
  171  9:09  Mutalisk  
  176  9:12  Overseer  
  176  9:13  Overseer  
  176  9:15  Drone x3  
  179  9:17  Extractor  
  179  9:19  Spore Crawler, Extractor  
  176  9:27  Mutalisk  
  176  9:28  Infestation Pit  
  176  9:30  Zergling x32  
  193  9:34  Drone x5  
  198  9:41  Baneling x11  
  198  9:51  Zergling x2  
  199  9:52  Overlord  
  199  9:54  Baneling x2  
  197  10:07  Mutalisk  
  197  10:09  Baneling  
  197  10:10  Baneling x14  
  199  10:18  Hive  
  197  10:38  Spine Crawler x2  
  197  10:39  Spine Crawler, Extractor  
  197  10:40  Spine Crawler, Drone  
  197  10:41  Spine Crawler, Spore Crawler, Drone x7, Extractor  
  197  10:42  Spine Crawler, Drone  
  198  10:43  Baneling x23  
  198  10:45  Drone x2  
  198  10:47  Baneling x3  
  198  11:10  Zergling x2  
  198  11:11  Zergling x2  
  200  11:12  Hatchery  
  200  11:16  Hatchery  
  191  11:20  Zergling x18  
  188  11:30  Zergling x26  
  188  11:31  Zergling x48  
  197  11:40  Baneling x5  
  197  11:41  Baneling  
  197  11:43  Mutalisk x2  
  199  11:47  Baneling x7  
  199  11:48  Baneling x7  
  199  11:49  Zerg Melee Weapons Level 3, Zerg Ground Armor Level 3  
  199  11:56  Overseer  
  199  11:59  Zergling x2  
  190  12:15  Zergling x28  
  179  12:16  Zergling x18  
  191  12:28  Zergling x36  
  187  12:35  Adrenal Glands  
  187  12:37  Ultralisk Cavern  
  187  12:38  Baneling x9  
  187  12:41  Drone x3  
  187  12:57  Baneling x30  
  187  12:58  Baneling x3  
  187  13:02  Drone x2  
  187  13:03  Drone  
  187  13:04  Zergling x8  
  194  13:10  Spore Crawler x2  
  190  13:24  Baneling x8  
  190  13:25  Chitinous Plating  
  183  13:38  Zergling x42  
  190  13:49  Zergling x8, Ultralisk  
  200  14:06  Burrow  
  200  14:07  Zerg Flyer Weapons Level 2, Baneling x6  
  200  14:08  Overseer x2  
  200  14:09  Hatchery  
  199  14:16  Baneling x2  
  199  14:17  Baneling  
  198  14:23  Zergling x6  
  198  14:24  Zergling x8  
  199  14:25  Baneling x9  
  199  14:26  Baneling x7  
  194  14:33  Zergling x12  
  194  14:37  Baneling x19  
  197  14:43  Zergling x32  
  197  14:44  Anabolic Synthesis  
  189  14:52  Zergling x2, Ultralisk x2  
  192  14:53  Zergling x4, Overlord  
  192  14:54  Overlord  
  192  14:56  Baneling  
  192  14:57  Overlord  
  192  14:58  Overlord  
  194  15:00  Overlord  
  194  15:01  Overseer x2  
  194  15:04  Overlord  
  194  15:08  Baneling x3  
  194  15:09  Baneling x3  
  194  15:10  Baneling x4  
  194  15:15  Zergling x12  
  170  15:28  Ultralisk x2  
  170  15:29  Zergling x14, Ultralisk  
  193  15:36  Baneling x2  
  193  15:37  Baneling x2  
  193  15:43  Zergling x12  
  199  15:54  Zergling x2  
  199  15:55  Zergling x14  
  199  16:02  Zergling x8  
  199  16:03  Zergling x28  
  200  16:09  Baneling x4  
  200  16:10  Baneling x11  
  194  16:19  Zergling x12  
  194  16:22  Baneling x3  
  194  16:23  Baneling x6  
  194  16:29  Zergling x6  
  194  16:30  Zergling x6  
  200  16:36  Zergling x4  
  200  16:37  Zergling x22  
  192  16:41  Greater Spire  
  191  16:51  Zergling x26  
  191  16:52  Baneling x7  
  191  16:53  Baneling x13  
  195  17:10  Drone x2  
  185  17:16  Baneling x5  
  185  17:17  Baneling x4  
  185  17:19  Zergling x22  
  185  17:20  Zergling x6  
  194  17:40  Drone x5  
  196  17:48  Baneling x14  
  196  17:49  Zergling x8, Baneling x10  
  196  17:50  Baneling x7  
  199  18:00  Baneling x3  
  199  18:01  Baneling x4  
  167  18:13  Zergling x54  
  176  18:20  Zergling x2  
  176  18:24  Zergling x4  
  170  18:28  Ultralisk x3  
  170  18:29  Zergling x2, Ultralisk x2  
  199  18:37  Zergling x2  
  199  18:40  Zergling x2  
  200  18:44  Zergling x6  
  200  18:50  Overlord  
  193  18:55  Zergling x6  
  193  18:56  Zergling x8  
  199  19:08  Zergling x30  
  199  19:14  Zergling x14  
  188  19:18  Zergling x4  
  188  19:20  Hatchery  
  188  19:21  Zergling x4, Baneling x2  
  188  19:22  Baneling x2  
  188  19:23  Zergling x6  
  200  19:25  Baneling x2  
Show
View Real Time Build Order
Export as new Build Order

souL Terran 

Build Orders: Liberator Opening, Reaper Expand 

Get SALT Encoding   

  12  0:00  SCV  
  13  0:12  SCV  
  14  0:17  Supply Depot  
  14  0:24  SCV  
  15  0:38  SCV  
  15  0:40  Barracks  
  16  0:43  Refinery  
  16  0:50  SCV  
  17  1:03  SCV  
  18  1:15  SCV  
  19  1:27  Reaper, Orbital Command  
  20  1:39  Command Center  
  20  1:48  Supply Depot  
  20  1:53  SCV  
  21  1:59  Marine  
  22  2:05  SCV  
  22  2:07  Factory  
  23  2:17  SCV  
  25  2:25  Barracks Reactor  
  24  2:32  SCV  
  25  2:41  Command Center  
  25  2:46  SCV  
  26  2:52  Orbital Command  
  26  2:56  Refinery  
  26  2:58  SCV  
  27  3:09  Hellion x2  
  27  3:10  SCV  
  32  3:13  Starport  
  32  3:20  SCV  
  32  3:22  Barracks Tech Lab  
  32  3:23  SCV  
  34  3:30  Hellion  
  34  3:32  SCV, Hellion  
  39  3:36  SCV  
  40  3:44  SCV  
  41  3:49  Liberator  
  41  3:52  SCV  
  41  3:53  Hellion  
  41  3:54  Hellion  
  41  3:55  Orbital Command  
  49  3:59  SCV  
  50  4:03  Stimpack  
  50  4:05  Supply Depot, Marine  
  50  4:08  SCV  
  52  4:14  Hellion  
  52  4:15  SCV, Hellion  
  57  4:20  SCV  
  57  4:21  SCV  
  59  4:28  SCV  
  59  4:29  Barracks  
  60  4:32  SCV, Supply Depot  
  60  4:33  Starport Reactor  
  60  4:35  SCV  
  62  4:41  Barracks  
  62  4:42  SCV  
  62  4:44  Factory Tech Lab  
  62  4:45  SCV  
  64  4:51  Engineering Bay  
  64  4:52  Engineering Bay  
  62  4:53  Refinery x2  
  62  4:56  Bunker  
  62  4:59  SCV, Bunker  
  61  5:02  Siege Tank  
  61  5:05  SCV  
  65  5:09  Marine  
  65  5:11  Bunker  
  66  5:16  SCV, Supply Depot  
  64  5:24  Starport Reactor  
  64  5:27  Marine  
  64  5:28  SCV, Marine  
  59  5:29  Marine  
  59  5:34  Marine x2  
  58  5:40  SCV  
  56  5:44  Marine  
  56  5:45  Marine  
  56  5:46  Siege Tank  
  56  5:47  Marine  
  62  5:52  Marine x2  
  62  5:53  SCV, Supply Depot  
  65  6:02  Marine  
  65  6:03  Marine  
  68  6:04  Marine  
  68  6:07  Supply Depot  
  68  6:09  Combat Shield, Marine  
  68  6:10  Marine  
  70  6:12  Medivac  
  70  6:13  Medivac  
  74  6:21  Marine  
  74  6:22  Marine  
  74  6:23  Orbital Command  
  76  6:27  SCV, Engineering Bay  
  76  6:28  SCV, Engineering Bay  
  78  6:37  Supply Depot, Marine  
  78  6:38  Supply Depot  
  78  6:39  SCV  
  80  6:40  SCV, Marine  
  80  6:44  Liberator  
  85  6:58  SCV x3, Medivac, Marine  
  85  7:00  Supply Depot  
  91  7:02  Supply Depot  
  91  7:04  Terran Infantry Weapons Level 1, Terran Infantry Armor Level 1  
  91  7:10  SCV x3  
  91  7:11  Supply Depot, Marine x2  
  91  7:12  Supply Depot  
  96  7:21  Armory  
  96  7:23  SCV x3  
  96  7:28  Marine  
  96  7:29  Supply Depot  
  99  7:30  Medivac  
  99  7:34  Marine  
  99  7:35  SCV x3  
  105  7:45  Supply Depot, Marine, Barracks x2  
  105  7:46  Supply Depot, Marine  
  105  7:47  SCV x3, Bunker, Marine  
  105  7:51  Siege Tank  
  112  7:57  Marine  
  112  7:58  Marine  
  114  8:04  Command Center, Marine x3  
  110  8:14  Medivac  
  110  8:15  Medivac, Marine x2  
  114  8:22  Marine  
  114  8:23  Refinery x2  
  114  8:24  Marine  
  114  8:25  Marine  
  120  8:33  Marine x2  
  119  8:37  Missile Turret  
  119  8:39  Missile Turret  
  119  8:40  Missile Turret, Marine  
  105  8:42  Barracks Reactor x2, Marine x2  
  105  8:43  Thor  
  105  8:44  Medivac  
  110  8:48  Factory  
  110  8:51  SCV x3, Marine x2  
  115  8:58  Drilling Claws, Bunker, Missile Turret, Marine  
  115  8:59  Sensor Tower  
  115  9:00  Marine x2  
  117  9:03  SCV  
  117  9:04  SCV x2  
  117  9:05  Terran Infantry Weapons Level 2  
  117  9:09  Marine x2  
  119  9:15  SCV  
  119  9:16  Marine  
  121  9:18  Terran Infantry Armor Level 2, Marine x2  
  121  9:19  Marine x4  
  121  9:21  SCV x2  
  129  9:26  Marine  
  129  9:27  Marine  
  129  9:28  SCV  
  132  9:32  Thor  
  132  9:33  Factory Reactor, Marine  
  132  9:35  SCV  
  132  9:36  Marine x2  
  132  9:37  Marine x4  
  132  9:38  Missile Turret  
  146  9:39  SCV  
  146  9:43  Supply Depot  
  146  9:44  Marine  
  149  9:46  Concussive Shells  
  149  9:47  SCV, Marauder  
  149  9:51  Marine  
  152  9:54  Marine x4  
  152  9:55  Planetary Fortress  
  152  9:56  Missile Turret  
  152  9:57  Marine  
  156  10:07  Marine x2  
  156  10:08  Marauder  
  156  10:09  Marine, Widow Mine  
  156  10:11  Marine  
  156  10:12  Command Center, Marine x2, Widow Mine  
  156  10:14  Medivac x2, Missile Turret  
  168  10:18  Sensor Tower  
  168  10:20  SCV, Sensor Tower  
  168  10:21  Widow Mine  
  175  10:26  Terran Vehicle And Ship Armor Level 1  
  175  10:34  Barracks  
  175  10:35  Barracks x2  
  172  10:36  Widow Mine  
  172  10:38  Widow Mine  
  172  10:40  Marine  
  172  10:41  Marauder, Marine x3  
  180  10:51  Supply Depot x2  
  180  11:05  Refinery  
  180  11:09  Command Center, Marine  
  180  11:12  Marine, Widow Mine  
  180  11:13  Widow Mine x2  
  180  11:17  Marine  
  173  11:20  Marine  
  173  11:21  Marauder  
  173  11:24  Marine x5  
  173  11:25  Marine x2  
  176  11:27  Marine  
  176  11:30  Marine  
  164  11:34  Hellbat, Widow Mine x2  
  164  11:35  Marine  
  164  11:36  SCV  
  164  11:37  SCV x2  
  164  11:38  Marine  
  164  11:39  Missile Turret  
  175  11:41  Marine x2  
  175  11:42  Medivac, Marine  
  175  11:44  Barracks Tech Lab x2  
  170  11:48  SCV, Medivac  
  170  11:49  SCV  
  170  11:51  Planetary Fortress  
  174  11:55  Widow Mine x3  
  178  12:04  Marine  
  178  12:05  Marine x8  
  183  12:10  Marauder, Marine  
  183  12:13  Marine  
  183  12:14  Medivac  
  179  12:16  Widow Mine  
  179  12:17  Widow Mine x2  
  171  12:24  Marine x6  
  160  12:32  Medivac  
  160  12:34  Barracks Tech Lab  
  162  12:38  SCV x3, Widow Mine x3  
  171  12:48  Medivac  
  171  12:49  Missile Turret  
  171  12:50  SCV x3  
  173  12:51  Missile Turret  
  173  12:58  Terran Infantry Weapons Level 3  
  173  12:59  Widow Mine x3  
  173  13:01  Sensor Tower  
  173  13:02  SCV x2, Terran Infantry Armor Level 3  
  181  13:07  Marauder, Marine  
  184  13:15  Planetary Fortress  
  184  13:21  Command Center, Widow Mine x3  
  186  13:29  Marine  
  186  13:31  Marauder  
  175  13:36  Marauder, Marine  
  175  13:37  Marauder, Marine x5  
  179  13:41  Marauder, Marine  
  179  13:42  Widow Mine x3  
  187  13:51  Command Center  
  187  13:52  Marauder  
  187  13:54  Command Center  
  189  13:58  Marauder  
  189  13:59  Marauder  
  193  14:03  Widow Mine  
  193  14:04  Widow Mine x2  
  193  14:06  Command Center  
  193  14:07  Terran Vehicle And Ship Armor Level 2  
  193  14:08  Ghost Academy  
  199  14:15  Marine  
  200  14:17  Marine  
  200  14:18  Marine x5  
  200  14:19  Marine  
  200  14:20  Marauder  
  189  14:25  Marine  
  189  14:30  Widow Mine x2  
  189  14:31  Marauder, Marine  
  195  14:33  Medivac, Marine  
  195  14:34  Medivac  
  196  14:41  Marauder  
  177  14:46  Widow Mine  
  167  14:53  Orbital Command  
  167  14:56  Marine  
  167  14:57  Command Center  
  164  15:00  Widow Mine x2  
  164  15:03  Medivac  
  172  15:08  Orbital Command, Widow Mine  
  172  15:11  Marine x4  
  172  15:12  Unknown  
  180  15:17  Unknown  
  180  15:18  Marauder  
  180  15:21  Unknown, Marauder  
  184  15:22  Widow Mine, Marine  
  184  15:28  Marine  
  185  15:29  Marine  
  185  15:31  Unknown, Marauder  
  185  15:32  Medivac  
  185  15:33  Medivac  
  192  15:39  Marauder  
  192  15:40  Unknown  
  192  15:41  Marauder  
  198  15:43  Marauder  
  198  15:48  Widow Mine  
  200  15:50  Marine  
  196  16:00  Marauder  
  196  16:02  Planetary Fortress, Medivac  
  196  16:03  Medivac  
  189  16:04  Widow Mine  
  189  16:05  Marauder, Command Center, Marine  
  190  16:21  Unknown  
  190  16:22  Marauder, Marine  
  189  16:30  Unknown  
  189  16:31  Marine  
  189  16:32  Medivac, Marauder  
  194  16:33  Marine  
  194  16:35  Medivac  
  194  16:36  Marauder, Marine  
  194  16:43  Thor  
  194  16:45  Marine  
  194  16:46  Marine  
  200  16:47  Marauder  
  200  16:51  Sensor Tower  
  200  17:07  Command Center  
  200  17:10  Marine, Sensor Tower  
  200  17:11  Missile Turret  
  200  17:12  Command Center, Missile Turret, Marine x6, Planetary Fortress  
  200  17:13  Unknown  
  200  17:14  Marine x4  
  200  17:27  SCV x2  
  200  17:28  Marine  
  200  17:33  Marine  
  198  17:38  Marine  
  198  17:39  SCV  
  198  17:43  Marine  
  193  17:44  Marauder  
  193  17:50  Widow Mine  
  189  17:55  Widow Mine x2  
  189  17:57  Command Center  
  195  17:59  Marauder x2  
  195  18:00  Medivac  
  195  18:01  Starport  
  192  18:15  Marine  
  192  18:18  Marine  
  192  18:19  Marauder  
  160  18:20  Unknown  
  160  18:21  Marauder, Marine  
  160  18:23  Widow Mine x2  
  160  18:26  Marauder, Marine  
  142  18:27  Marauder, Marine  
  142  18:28  Widow Mine  
  142  18:29  Marine  
  139  18:36  Marine  
  139  18:40  Marauder  
  123  18:42  Marine  
  123  18:43  Marauder  
  123  18:44  Marine x2, Widow Mine x2  
  123  18:48  Marauder, Marine  
  122  18:50  Widow Mine  
  122  18:55  Marine  
  111  18:57  Medivac  
  109  19:03  Marine x4  
  109  19:04  Marauder  
  109  19:06  Widow Mine  
  109  19:09  Marine  
  109  19:15  Widow Mine  
  109  19:16  Marauder, Marine  
  97  19:26  Marauder  
  97  19:27  Marine  
  97  19:29  Marine  
Tags
 
Add a new tag
Caveats
  • Supply blocks, unpowered buildings, or Contaminate may cause inaccurate times.
  • Supply counts are checked every 10 seconds.